 Dungeon Crawl Stone Soup version 0.28-a0-535-g6f645e4c1d (webtiles) character file.

Game seed: 6504110988026034266

18 Rennog the Skirmisher (level 2, 25/25 HPs)
             Began as a Palentonga Fighter on Sept 26, 2021.
             Was a Follower of Jiyva.
             Quit the game on level 1 of the Dungeon.
             The game lasted 00:01:08 (418 turns).

Rennog the Skirmisher (Palentonga Fighter)           Turns: 418, Time: 00:01:09

Health: 25/25      AC:  6    Str: 19    XL:     2   Next: 48%
Magic:  2/2        EV:  7    Int:  8    God:    Jiyva [*.....]
Gold:   9          SH:  4    Dex:  9    Spells: 1/1 levels left

rFire   . . .      SeeInvis +   a - +0 rapier
rCold   . . .      Faith    .   c - +0 buckler
rNeg    . . .      Spirit   .   b - +0 scale mail
rPois   .          Reflect  .   (no helmet)
rElec   .          Harm     .   (no cloak)
rCorr   .          Rampage  .   (no gloves)
Will    .....                   (no barding)
Stlth   ..........              (no amulet)
HPRegen 0.08/turn               (no ring)
MPRegen 0.08/turn               (no ring)

@: no status effects
A: large, rugged brown scales 3, see invisible, deformed body, roll 1, armoured
tail
a: Rolling Charge, Renounce Religion, Request Jelly


You were on level 1 of the Dungeon.
You worshipped Jiyva.
Jiyva was aware of your devotion.
You visited 1 branch of the dungeon, and saw 1 of its levels.

You collected 9 gold pieces.

Inventory:

Hand Weapons
 a - a +0 rapier (weapon)
Armour
 b - a +0 scale mail (worn)
 c - a +0 buckler (worn)
Potions
 d - a potion of might
 e - 2 potions of flight {unknown}
 f - a potion of attraction {unknown}


   Skills:
 * Level 3.6 Fighting
 - Level 2.0 Short Blades
 - Level 2.4 Armour
 + Level 0.8 Dodging
 - Level 2.4 Shields


You had one spell level left.
You didn't know any spells.
Your spell library contained the following spells:

 Spells                   Type           Power      Damage    Failure   Level
 Animate Dead             Necr           0%         N/A       100%        4
 Haunt                    Necr/Summ      0%         N/A       100%        7
 Infestation              Necr           0%         N/A       100%        8


Dungeon Overview and Level Annotations

Branches:
Dungeon (1/15)

Altars:
Jiyva


Innate Abilities, Weirdness & Mutations

You are completely covered in rugged brown scales. (AC +3, +7% HP)
You have supernaturally acute eyesight. (SInv)
Armour fits poorly on your strangely shaped body.
You can roll at nearby foes to attack.
You have a long armoured tail.


Message History

No target in view!
No target in view!
No target in view!
No target in view!
No target in view!
No target in view!
No target in view!
A rat comes into view.
Found a stone staircase leading down.
A rat is nearby!
A rat is nearby!
A rat is nearby!
You hit the rat.
You kill the rat!
No target in view!
No target in view!
No target in view!
No target in view!
No target in view!
No target in view!
No target in view!
No target in view!
No target in view!
f - a bubbling emerald potion You pick up a book of Death and begin reading...
You add the spells Animate Dead, Haunt and Infestation to your library.
You now have 9 gold pieces (gained 3).
Found a short sword.
You see here a +0 short sword.
Found a faded altar of an unknown god.
There is a faded altar of an unknown god here.
You see here a +0 short sword.
Found a robe.
You see here a +0 short sword.
There is a faded altar of an unknown god here.
You cannot tell which god this altar belongs to.
Convert to them anyway?
Jiyva accepts your prayer! Jiyva welcomes you! Jiyva grants you a jelly!
You can now request a jelly.
Are you sure you want to abandon this character and quit the game? (Confirm with "yes".)

#.###.##.......#
...........♣♣.....
..........♣.♣ ♣♣..
.........♣♣♣♣
#....##..♣..♣♣♣♣♣
..##.#....♣♣.♣♣.♣
## #.#....♣.♣♣♣.♣
#.#....♣.♣...♣♣
#.##.♣.♣)♣.♣.@♣
#.##..♣♣..♣♣♣.♣
####.♣.♣♣♣♣♣J♣♣
#..♣.♣♣♣♣♣♣
###♣#...# #####


You could see a neutral jelly (wandering) (fellow slime).

Vanquished Creatures
  2 ball pythons (D:1)
  A bat (D:1)
  An endoplasm (D:1)
  2 giant cockroaches (D:1)
  2 goblins (D:1)
  A hobgoblin (D:1)
  A quokka (D:1)
  A kobold (D:1)
  6 rats (D:1)
17 creatures vanquished.

Notes
Turn   | Place    | Note
-------+----------+-------------------------------------------
     0 | D:1      | Rennog the Palentonga Fighter began the quest for the Orb.
     0 | D:1      | Reached XP level 1. HP: 19/19 MP: 1/1
    53 | D:1      | Reached XP level 2. HP: 22/25 MP: 2/2
   360 | D:1      | Found a faded altar of an unknown god.
   417 | D:1      | Became a worshipper of Jiyva Jyagicuh the Shapeless
   417 | D:1      | Reached * piety under Jiyva
   418 | D:1      | Quit the game

Illustrated notes

Levels and vault maps discovered:
D:1:      psy_arrival_fountain, layout_rooms, chequers_ecumenical_altar_grove,
          minmay_tetromino_o4

Action                   || total
-------------------------++-------
Melee: Rapier            ||    35
       Tailslap          ||     5
 Abil: Rolling Charge    ||    10
Armor: Scale mail        ||    10
Dodge: Dodged            ||    11
Block: Buckler           ||     7

Table legend: (Time is in decaauts)
 A = Elapsed time spent in this place.
 B = Non-inter-level travel time spent in this place.
 C = Inter-level travel time spent in this place.
 D = Time resting spent in this place.
 E = Time spent auto-exploring this place.
 F = Levels seen in this place.
 G = Mean time per level.
                   A        B        C        D        E       F      G
               +--------+--------+--------+--------+--------+-----+--------+
         Total |    421 |    403 |     18 |      0 |    330 |   1 |  421.0 |
       Dungeon |    421 |    403 |     18 |      0 |    330 |   1 |  421.0 |
               +--------+--------+--------+--------+--------+-----+--------+

Top non-repeatable levels by time:
     D:1: 421 daAuts
